 Dungeon Crawl Stone Soup version 0.29-a0-323-g050149af67 (webtiles) character file.

Game seed: 5250337805698175861

3339 Leszczynek the Fighter (level 10, -7/81 HPs)
             Began as a Human Gladiator on Apr 10, 2022.
             Was a Believer of Okawaru.
             Mangled by a two-headed ogre
             ... wielding a +0 giant spiked club
              (32 damage)
             ... on level 1 of the Orcish Mines.
             The game lasted 00:33:52 (3592 turns).

Leszczynek the Fighter (Human Gladiator)            Turns: 3592, Time: 00:33:52

Health: -7/81      AC: 10    Str: 18    XL:     10   Next: 22%
Magic:  13/13      EV: 16    Int: 13    God:    Okawaru [**....]
Gold:   474        SH:  0    Dex: 15    Spells: 9/9 levels left

rFire   + . .      SeeInvis .   a - +7 rapier of Noon {freeze, Str+4}
rCold   + . .      Faith    .   (no shield)
rNeg    . . .      Spirit   .   H - +0 ring mail {rC+}
rPois   .          Reflect  .   o - +1 helmet
rElec   .          Harm     .   (no cloak)
rCorr   .          Rampage  .   (no gloves)
Will    .....                   u - +1 pair of boots
Stlth   ++........              v - amulet of magic regeneration
HPRegen 0.23/turn               B - ring of flight
MPRegen 0.53/turn               F - ring of protection from fire

@: heroic, flying
A: no striking features
a: Renounce Religion, Heroism


You were on level 1 of the Orcish Mines.
You worshipped Okawaru.
Okawaru was pleased with you.
You visited 3 branches of the dungeon, and saw 14 of its levels.

You collected 474 gold pieces.

Inventory:

Hand Weapons
 a - the +7 rapier of Noon (weapon) {freeze, Str+4}
   (You took it off a gnoll on level 9 of the Dungeon)

   It freezes those it strikes, dealing additional cold damage.
   It can also slow down cold-blooded creatures.
   Str:       It affects your strength (+4).
 b - the +4 shortbow "Rapef" {speed, rC++}
   (You found it on level 7 of the Dungeon)

   Attacks with this weapon are significantly faster.
   rC:        It greatly protects you from cold.
 c - a +2 dagger of draining
 w - a +0 glaive
Missiles
 d - 4 javelins (quivered)
 f - 8 boomerangs
 s - 9 poisoned darts
Armour
 e - a +0 ring mail
 j - a +0 leather armour
 o - a +1 helmet (worn)
 u - a +1 pair of boots (worn)
 A - a +0 buckler
 E - a +0 kite shield
 H - a +0 ring mail of cold resistance (worn)
Jewellery
 v - an amulet of magic regeneration (around neck)
 B - a ring of flight (left hand)
 F - a ring of protection from fire (right hand)
Wands
 G - a wand of flame (8)
Scrolls
 l - 2 scrolls of blinking
 q - a scroll of silence {unknown}
 x - 3 scrolls of teleportation
 y - a scroll of immolation {unknown}
 z - a scroll of amnesia
 C - a scroll of acquirement {unknown}
 D - a scroll of magic mapping {unknown}
Potions
 g - a potion of lignification {unknown}
 h - a potion of flight
 k - a potion of berserk rage {!q}
 m - a potion of curing {@q1}
 n - a potion of brilliance {unknown}
 p - a potion of might
 r - a potion of haste {unknown}
 t - a potion of magic


   Skills:
 - Level 8.3(13.3) Fighting
 - Level 4.0(9.0) Throwing
 - Level 6.5(11.5) Dodging
 + Level 5.6(10.6) Unarmed Combat
 + Level 5.6 Transmutations
 * Level 5.1 Invocations


You had 9 spell levels left.
You didn't know any spells.
Your spell library contained the following spells:

 Spells                   Type           Power      Damage    Failure   Level
 Foxfire                  Conj/Fire      0%         2x1d4     45%         1
 Magic Dart               Conj           0%         1d3       45%         1
 Ignite Poison            Fire/Tmut/Pois 4%         N/A       58%         3
 Searing Ray              Conj           0%         2d4       61%         2
 Conjure Flame            Conj/Fire      0%         6-21      83%         3
 Inner Flame              Hex/Fire       0%         N/A       83%         3
 Flame Wave               Conj/Fire      0%         2d4       99%         4
 Fulminant Prism          Conj/Hex       0%         3d6       99%         4
 Sticky Flame             Conj/Fire      0%         2d3       99%         4
 Summon Small Mammal      Summ           Unusable   N/A       N/A         1
 Call Canine Familiar     Summ           Unusable   N/A       N/A         3
 Summon Guardian Golem    Hex/Summ       Unusable   N/A       N/A         3

Dungeon Overview and Level Annotations

Branches:
Dungeon (11/15)            Temple (1/1) D:6             Orc (2/2) D:10
    Elf (0/3) Orc:2
   Lair: D:8-11

Altars:
Ashenzari
Cheibriados
Dithmenos
Elyvilon
Fedhas
Gozag
Hepliaklqana
Kikubaaqudgha
Makhleb
Nemelex Xobeh
Okawaru
Qazlal
Ru
Sif Muna
Trog
Uskayaw
Vehumet
Wu Jian
Xom
Yredelemnul
The Shining One

Annotations:
D:3 1 runed translucent door, Crazy Yiuf
D:6 Dowan, Maggie


Message History

The two-headed ogre hits you with a +0 giant spiked club!!
You fly upwards.
There is a stone staircase leading down here.
Blink to where?
Press: ? - help, Dir - move target
As you read the scroll of blinking, it crumbles to dust.
Aiming: Mindburst
Press: ? - help, Shift-Dir - straight line, f - two-headed ogre
Aim: a two-headed ogre, wielding two +0 giant spiked clubs (chance to affect: 47%)
The two-headed ogre's minds are blasted.
Aiming: Mindburst
Press: ? - help, Shift-Dir - straight line, f/p - two-headed ogre
Aim: a two-headed ogre, wielding two +0 giant spiked clubs (lightly wounded, chance to affect: 47%)
The two-headed ogre resists with some effort.
Aiming: Mindburst
Press: ? - help, Shift-Dir - straight line, f/p - two-headed ogre
Aim: a two-headed ogre, wielding two +0 giant spiked clubs (lightly wounded, chance to affect: 47%)
The two-headed ogre's minds are blasted!
Aiming: Mindburst
Press: ? - help, Shift-Dir - straight line, f/p - two-headed ogre
Aim: a two-headed ogre, wielding two +0 giant spiked clubs (moderately wounded, chance to affect: 47%)
The two-headed ogre resists with some effort.
The now-empty wand crumbles to dust.
Okay, then.
Throw: 5 javelins
Press: ? - help, Q - select action, (/) - cycle Shift-Dir - straight line, f/p - two-headed ogre
Aim: a two-headed ogre, wielding two +0 giant spiked clubs (moderately wounded, 80% to hit)
You throw a javelin.
The javelin pierces through the two-headed ogre.
The two-headed ogre is moderately wounded.
You hit the two-headed ogre. You freeze the two-headed ogre.
The two-headed ogre is heavily wounded.
The two-headed ogre barely misses you. x2
You hit the two-headed ogre. You freeze the two-headed ogre.
The two-headed ogre is heavily wounded.
You puncture the two-headed ogre! You freeze the two-headed ogre.
The two-headed ogre is severely wounded.
The two-headed ogre completely misses you.
The two-headed ogre hits you with a +0 giant spiked club!!
You die...

####
##......#
#...##(.##
##>.#....#
##.....##
###....##
##......##
#....#...##
#...##.O..#
##...#.@###
#...[)##
###)[<.#
#...##
##.## ###


You could see a two-headed ogre.

Vanquished Creatures
  A two-headed ogre (D:10)
  A tengu conjurer (D:10)
  2 wyverns
  4 yaks
  A sky beast (D:6)
  2 orc warriors
  3 ogres (D:5)
  A centaur (D:5)
  A kobold brigand (D:9)
  A bullfrog (D:8)
  2 gnoll sergeants
  A scorpion (D:5)
  2 howler monkeys
  2 jellies
  A hound (D:5)
  4 orc priests
  An iguana (D:4)
  Natasha (D:3)
  8 orc wizards
  8 gnolls
  3 adders (D:4)
  A shadow imp (D:5)
  A worm (D:4)
  A dart slug (D:4)
  30 orcs
  5 endoplasms
  A giant cockroach (D:3)
  6 goblins
  A hobgoblin (D:1)
  9 kobolds
  2 quokkas
  2 ball pythons
  2 frilled lizards
  2 rats (D:1)
113 creatures vanquished.

Vanquished Creatures (others)
  2 fungi (D:11)
  A plant (D:11)
3 creatures vanquished.

Grand Total: 116 creatures vanquished

Notes
Turn   | Place    | Note
-------+----------+-------------------------------------------
     0 | D:1      | Leszczynek the Human Gladiator began the quest for the Orb.
     0 | D:1      | Reached XP level 1. HP: 16/16 MP: 1/1
    20 | D:1      | Noticed an electric eel
    98 | D:1      | Reached XP level 2. HP: 14/23 MP: 2/2
   176 | D:1      | HP: 4/23 [endoplasm (1)]
   191 | D:1      | Reached skill level 3 in Fighting
   419 | D:3      | Found a runed translucent door.
   420 | D:3      | Noticed Crazy Yiuf
   460 | D:3      | Noticed Natasha
   471 | D:3      | Killed Natasha
   472 | D:3      | Reached XP level 3. HP: 21/30 MP: 3/3
   593 | D:3      | Reached skill level 4 in Fighting
   593 | D:3      | Reached XP level 4. HP: 37/37 MP: 4/4
   778 | D:5      | Entered Level 5 of the Dungeon
   833 | D:5      | Noticed a centaur
   846 | D:5      | Killed a centaur
   847 | D:5      | Reached skill level 5 in Fighting
   847 | D:5      | Reached XP level 5. HP: 22/44 MP: 5/5
   881 | D:5      | Noticed an ice beast
  1009 | D:5      | Reached XP level 6. HP: 52/52 MP: 6/6
  1018 | D:5      | Noticed an ogre
  1024 | D:4      | Reached skill level 6 in Fighting
  1212 | D:5      | Reached skill level 7 in Fighting
  1212 | D:5      | Reached XP level 7. HP: 46/60 MP: 7/7
  1284 | D:5      | Reached skill level 3 in Throwing
  1430 | D:6      | Reached skill level 4 in Dodging
  1436 | D:6      | Noticed Maggie
  1495 | D:6      | Noticed Dowan
  1584 | D:5      | Reached skill level 4 in Throwing
  1584 | D:5      | Reached XP level 8. HP: 60/67 MP: 8/8
  1618 | D:5      | Found an ornate altar of the Wu Jian Council.
  1634 | D:5      | Reached skill level 1 in Transmutations
  1643 | D:5      | Found an iron altar of Okawaru.
  1643 | D:5      | Found an ancient bone altar of Kikubaaqudgha.
  1651 | D:5      | Became a worshipper of Warmaster Okawaru
  1690 | D:6      | Found a staircase to the Ecumenical Temple.
  1698 | Temple   | Entered the Ecumenical Temple
  1936 | D:7      | Noticed a wyvern
  1954 | D:7      | Killed a wyvern
  1955 | D:7      | Reached skill level 5 in Dodging
  1955 | D:7      | Reached skill level 2 in Transmutations
  1962 | D:7      | Identified the +4 shortbow "Rapef" {speed, rC++}
  2077 | D:8      | Reached * piety under Okawaru
  2243 | D:9      | Reached skill level 3 in Transmutations
  2279 | D:9      | Identified the +7 rapier of Noon {freeze, Str+4}
  2298 | D:9      | HP: 13/67 [gnoll sergeant/+0 spear (4)]
  2301 | D:9      | HP: 6/67 [gnoll sergeant/+0 spear (5)]
  2303 | D:9      | Reached skill level 4 in Unarmed Combat
  2500 | D:9      | Noticed a yak
  2521 | D:9      | Killed a yak
  2522 | D:9      | Reached XP level 9. HP: 23/72 MP: 9/9
  2573 | D:9      | Reached skill level 4 in Transmutations
  2801 | D:10     | Entered Level 10 of the Dungeon
  2863 | D:11     | Reached ** piety under Okawaru
  2864 | D:11     | Reached skill level 1 in Invocations
  2866 | D:11     | Noticed a cyclops
  2925 | D:10     | Found the +0 staff of Battle
  2931 | D:10     | Noticed a tengu conjurer
  2940 | D:10     | Killed a tengu conjurer
  2941 | D:10     | Reached skill level 2 in Invocations
  2972 | D:10     | Noticed a two-headed ogre
  2986 | D:10     | Killed a two-headed ogre
  2987 | D:10     | Reached skill level 8 in Fighting
  2987 | D:10     | Reached skill level 6 in Dodging
  2987 | D:10     | Reached skill level 5 in Unarmed Combat
  2987 | D:10     | Reached skill level 5 in Transmutations
  2987 | D:10     | Reached skill level 3 in Invocations
  3083 | D:10     | Found a bloodstained altar of Trog.
  3083 | D:10     | Noticed a polar bear
  3083 | D:10     | Noticed a polar bear
  3177 | D:9      | Reached skill level 4 in Invocations
  3177 | D:9      | Reached XP level 10. HP: 72/80 MP: 11/13
  3249 | D:11     | Noticed a two-headed ogre
  3308 | D:10     | Found a glowing golden altar of the Shining One.
  3375 | D:10     | Found a staircase to the Orcish Mines.
  3390 | Orc:1    | Entered Level 1 of the Orcish Mines
  3416 | Orc:1    | Reached skill level 5 in Invocations
  3578 | Orc:2    | Entered Level 2 of the Orcish Mines
  3578 | Orc:2    | Noticed a two-headed ogre
  3578 | Orc:2    | Found a staircase to the Elven Halls.
  3592 | Orc:1    | Mangled by a two-headed ogre

Illustrated notes

Levels and vault maps discovered:
D:1:      arrival_aquarium_a, layout_rooms, nrook_mini_vaults,
          chequers_serial_rivers_large_b, minmay_box_of_dots
D:2:      layout_basic, uniq_robin
D:3:      layout_loops_ring, dreamdust_ecumenical_altar_statues, serial_shops,
          nicolae_shop_overgrown_old_shop, cheibrodos_sewer_entry_bend,
          hangedman_decor_points, uniq_crazy_yiuf_cottage, uniq_natasha
D:4:      layout_cave_pools
D:5:      layout_basic, grunt_temple_overflow_open,
          minmay_a_box_with_orc_wizards_in_it
D:6:      layout_cave_pools, temple_statues, uniq_maggie, uniq_duvessa,
          uniq_prince_ribbit1
D:7:      layout_basic, zin_purify, roderic_three_in_a_row, uniq_pikel
D:8:      layout_layer_cave
D:9:      layout_roguey
D:10:     layout_stronghold, trog_ov_bears_minmay, lemuel_round_altar,
          hiddenorc1_lemuel, hellmonk_guarded_unrand_staff_of_battle
D:11:     layout_cave_pools, grunt_lair_entry_orc_guard_hut, serial_bayou,
          serial_bayou_shore_b, serial_bayou_crossing, serial_bayou_pond_d,
          serial_bayou_ford_a, gammafunk_ghost_necromancy, uniq_amaemon
Temple:   eino_temple_scatter_basement
Orc:1:    layout_diamond_mine, nicolae_shop_gadgets
Orc:2:    grunt_orc_community_town_hall, layout_diamond_mine,
          grunt_orc_community_big_house_1, grunt_orc_community_big_house_1,
          grunt_orc_community_house_3, grunt_orc_community_house_1,
          grunt_orc_community_house_2, grunt_orc_community_house_1, basic_altar,
          serial_shops, nicolae_shop_behind_doors, ebering_ghost_xom

Skill      XL: |  1  2  3  4  5  6  7  8  9 10 |
---------------+-------------------------------+-----
Fighting       | 3 4 5 7 8 |  8.3
Throwing       | 4 |  4.0
Dodging        | 4 5 6 |  6.5
Transmutations | 3 5 |  5.6
Unarmed Combat | 4 5 |  5.6
Invocations    | 4 5 |  5.1

Action                   |  1- 3 |  4- 6 |  7- 9 | 10-12 || total
-------------------------+-------+-------+-------+-------++-------
Melee: Hand axe          |    28 |       |       |       ||    28
       Unarmed           |     6 |       |       |       ||     6
       Punch             |     3 |     3 |     6 |     3 ||    15
       Dagger            |    17 |    81 |    62 |       ||   160
       Quarterstaff      |       |       |    56 |       ||    56
       Rapier            |       |       |    47 |    36 ||    83
 Fire: Shortbow          |       |       |    49 |    32 ||    81
Throw: Throwing net      |     4 |     1 |       |       ||     5
       Boomerang         |    24 |     7 |    16 |       ||    47
       Javelin           |     1 |     1 |    12 |     2 ||    16
       Dart              |     2 |     5 |     2 |       ||     9
Invok: Heroism           |       |       |     5 |     4 ||     9
Evoke: Wand              |       |       |     2 |     5 ||     7
  Use: Potion            |       |     2 |     3 |     1 ||     6
       Scroll            |       |       |    10 |     1 ||    11
Armor: Ring mail         |    11 |    43 |    61 |    14 ||   129
Dodge: Dodged            |    17 |    53 |   120 |    35 ||   225

Table legend: (Time is in decaauts)
 A = Elapsed time spent in this place.
 B = Non-inter-level travel time spent in this place.
 C = Inter-level travel time spent in this place.
 D = Time resting spent in this place.
 E = Time spent auto-exploring this place.
 F = Levels seen in this place.
 G = Mean time per level.
                   A        B        C        D        E       F      G
               +--------+--------+--------+--------+--------+-----+--------+
         Total |   3759 |   3699 |     60 |     11 |      0 |  14 |  268.5 |
       Dungeon |   3412 |   3358 |     54 |     11 |      0 |  11 |  310.2 |
        Temple |    106 |    100 |      6 |      0 |      0 |   1 |  106.0 |
  Orcish Mines |    240 |    240 |      0 |      0 |      0 |   2 |  120.0 |
               +--------+--------+--------+--------+--------+-----+--------+

Top non-repeatable levels by time:
     D:5: 705 daAuts
     D:9: 700 daAuts
    D:10: 507 daAuts
     D:4: 319 daAuts
     D:8: 248 daAuts
   Orc:1: 236 daAuts
     D:3: 231 daAuts
     D:1: 226 daAuts
     D:2: 191 daAuts
     D:7: 180 daAuts
  Temple: 106 daAuts
     D:6: 74 daAuts
    D:11: 26 daAuts
   Orc:2: 4 daAuts
